 Dungeon Crawl Stone Soup version 0.29-a0-872-g797fff5ad1 (webtiles) character file.

Game seed: 31111323786517029

97 raph the Chopper (level 4, 0/39 HPs)
             Began as a Hill Orc Fighter on July 18, 2022.
             Slain by an orc
             ... wielding a +0 trident
              (5 damage)
             ... on level 4 of the Dungeon.
             The game lasted 00:02:11 (2072 turns).

raph the Chopper (Hill Orc Fighter)                 Turns: 2072, Time: 00:02:12

Health: 0/39       AC:  8    Str: 18    XL:     4   Next: 68%
Magic:  4/4        EV:  9    Int:  8    God:
Gold:   106        SH:  5    Dex: 12    Spells: 3/3 levels left

rFire   . . .      SeeInvis .   a - +0 war axe
rCold   . . .      Faith    .   c - +1 buckler
rNeg    . . .      Spirit   .   b - +0 scale mail
rPois   .          Reflect  .   (no helmet)
rElec   .          Harm     .   g - +0 cloak
rCorr   .          Rampage  .   (no gloves)
Will    .....                   (no boots)
Stlth   ..........              (no amulet)
HPRegen 0.13/turn               (no ring)
MPRegen 0.09/turn               (no ring)

@: mighty
A: no striking features
a: no special abilities


You were on level 4 of the Dungeon.
You visited 1 branch of the dungeon, and saw 4 of its levels.

You collected 106 gold pieces.

Inventory:

Hand Weapons
 a - a +0 war axe (weapon)
Armour
 b - a +0 scale mail (worn)
 c - a +1 buckler (worn)
 g - a +0 cloak (worn)
Wands
 e - a wand of paralysis (3)
Scrolls
 h - 3 scrolls of amnesia {unknown}
Potions
 d - 2 potions of might
 f - 3 potions of mutation
 j - 4 potions of heal wounds {unknown}
 k - a potion of lignification {unknown}
 l - a potion of resistance {unknown}
 p - 2 potions of curing {unknown}


   Skills:
 - Level 3.6 Fighting
 + Level 6.3 Axes
 - Level 3.2 Armour
 - Level 3.2 Shields


You had 3 spell levels left.
You didn't know any spells.
Your spell library contained the following spells:

 Spells                   Type           Power      Damage    Failure   Level
 Call Canine Familiar     Summ           0%         N/A       99%         3
 Portal Projectile        Hex/Tloc       0%         N/A       99%         3
 Leda's Liquefaction      Hex/Erth       0%         N/A       100%        4


Dungeon Overview and Level Annotations

Branches:
Dungeon (4/15)
 Temple: D:4-7

Altars:

Annotations:
D:2 Sigmund


Message History

You kill the orc!
The orc barely misses you. The orc wizard closely misses you.
You hear some strange, mumbled words.
A puff of flame appears from out of thin air!
The puff of flame hits you!
Your Axes skill increases to level 6!
You closely miss something. You slash the orc wizard!
The orc wizard hits you but does no damage.
You block the orc's attack.
You hear some strange, mumbled words.
A magic dart appears from out of thin air!
The magic dart hits you but does no damage.
You block the orc wizard's attack. The orc barely misses you.
You closely miss the orc wizard.
The orc wizard is severely wounded.
You closely miss something. The orc wizard barely misses you.
The orc closely misses you. Something hits you but does no damage.
You barely miss the orc wizard.
The orc wizard is severely wounded.
You miss something.
The orc hits you from afar with a +0 trident.
Something hits you.
The orc wizard casts a spell.
The orc wizard flickers and vanishes!
You barely miss something. You miss something. The orc closely misses you.
Something hits you.
You hear some strange, mumbled words.
A puff of flame appears from out of thin air!
The puff of flame hits you. The orc hits you but does no damage.
An endoplasm comes into view.
You hear some strange, mumbled words.
A puff of flame appears from out of thin air!
The puff of flame hits you!
* * * LOW HITPOINT WARNING * * *
Something hits you but does no damage.
You miss something. You hit something.
Reactivating autopickup.
You feel a bit more experienced.
The orc hits you from afar with a +0 trident.
You die...

...#### ......# #...#
##.##.# #...# ##.##.##
#...# ##.....# #...#
#####..# #...#
.......########...######
##.............)........
...##..#........@).....J
#####..##......{........
#####..########.o.######
.......## #...#
###.##..## #...#
#.###.#.# #>..#
##.##..#.# #)...
##.##.##.# #..?##
###.#.#.##


You could see an orc and an endoplasm.

Vanquished Creatures
  2 orc wizards (D:4)
  4 adders (D:3)
  A dart slug (D:4)
  3 orcs
  3 ball pythons
  A bat (D:3)
  An endoplasm (D:3)
  A giant cockroach (D:1)
  3 goblins (D:3)
  2 hobgoblins
  3 quokkas
  4 kobolds
  3 rats
31 creatures vanquished.

Notes
Turn   | Place    | Note
-------+----------+-------------------------------------------
     0 | D:1      | raph the Hill Orc Fighter began the quest for the Orb.
     0 | D:1      | Reached XP level 1. HP: 19/19 MP: 1/1
   279 | D:1      | Found a faded altar of an unknown god.
   479 | D:1      | Reached skill level 3 in Axes
   724 | D:2      | Reached XP level 2. HP: 25/26 MP: 2/2
   759 | D:2      | Noticed Sigmund
   860 | D:3      | Reached skill level 4 in Axes
   867 | D:3      | Reached XP level 3. HP: 12/31 MP: 3/3
  1181 | D:3      | Reached skill level 5 in Axes
  1275 | D:3      | Reached XP level 4. HP: 31/39 MP: 4/4
  2068 | D:4      | Reached skill level 6 in Axes
  2072 | D:4      | Slain by an orc

Illustrated notes

Levels and vault maps discovered:
D:1:      dpeg_arrival_arbitrary_a, layout_loops_ring,
          chequers_ecumenical_altar_lobes
D:2:      layout_basic, basic_altar, uniq_sigmund
D:3:      layout_basic
D:4:      cheibrodos_pilgrimage, layout_loops_cross,
          mainiacjoe_overflow_alcove_2

Skill      XL: |  1  2  3  4 |
---------------+-------------+-----
Axes           | 3 4 5 6 |  6.3
Fighting       | |  3.6
Armour         | |  3.2
Shields        | |  3.2

Action                   |  1- 3 |  4- 6 || total
-------------------------+-------+-------++-------
Melee: War axe           |    61 |    38 ||    99
  Use: Scroll            |     6 |     3 ||     9
       Potion            |       |     1 ||     1
Armor: Scale mail        |    29 |    22 ||    51
Dodge: Dodged            |    33 |    25 ||    58
Block: Buckler           |    21 |    14 ||    35

Table legend: (Time is in decaauts)
 A = Elapsed time spent in this place.
 B = Non-inter-level travel time spent in this place.
 C = Inter-level travel time spent in this place.
 D = Time resting spent in this place.
 E = Time spent auto-exploring this place.
 F = Levels seen in this place.
 G = Mean time per level.
                   A        B        C        D        E       F      G
               +--------+--------+--------+--------+--------+-----+--------+
         Total |   2100 |   2017 |     83 |    457 |   1275 |   4 |  525.0 |
       Dungeon |   2100 |   2017 |     83 |    457 |   1275 |   4 |  525.0 |
               +--------+--------+--------+--------+--------+-----+--------+

Top non-repeatable levels by time:
     D:3: 1128 daAuts
     D:1: 679 daAuts
     D:4: 198 daAuts
     D:2: 94 daAuts
